PL
VANCOUVER GREY WOLVES @ ATHLETIC CLUB KC
08/28/2025
 
TOP OF THE 1ST
Vancouver Grey Wolves batting - Pitching for Athletic Club KC : LHP Bill Oulton
Pitching: LHP Bill Oulton
Batting: RHB Danny Walsh 0-0: Ball
1-0: Foul Ball, location: 2F
1-1: Called Strike
1-2: Ball
2-2: Strikes out swinging
Batting: RHB Tony Farquharson 0-0: Foul Ball, location: 2F
0-1: Ball
1-1: Swinging Strike
1-2: Strikes out swinging
Batting: LHB Min-heui Im 0-0: SINGLE (Groundball, 34D)
Batting: RHB José Carlos Ramos 0-0: Called Strike
0-1: Ground out 5-3 (Groundball, 5D)
Top of the 1st over - 0 run(s), 1 hit(s), 0 error(s), 1 left on base; Vancouver 0 - Athletic Club KC 0
BOTTOM OF THE 1ST
Athletic Club KC batting - Pitching for Vancouver Grey Wolves : RHP George Frazier
Pitching: RHP George Frazier
Batting: SHB David Henderson 0-0: Foul Ball, location: 2F
0-1: Ball
1-1: SINGLE (Groundball, 3D)
Batting: RHB David Edwards 0-0: Ball
1-0: Ball
2-0: Called Strike
2-1: Foul Ball, location: 2F
2-2: Strikes out swinging
Batting: RHB Ramón Souza 0-0: Called Strike
0-1: Ball
1-1: Ball
2-1: Ball
3-1: Foul Ball, location: 2F
3-2: Base on Balls
David Henderson to second
Batting: RHB John Downing 0-0: Foul Ball, location: 2F
0-1: Foul Ball, location: 2F
0-2: Strikes out swinging
Batting: SHB Pedro Vázquez 0-0: Foul Ball, location: 2F
0-1: Foul Ball, location: 2F
0-2: Foul Ball, location: 2F
0-2: Ball
1-2: SINGLE (Groundball, 34D)
David Henderson to third
Ramón Souza to second
Runner from 3rd tries for Home, SAFE, no throw
Batting: RHB Jorge Trevino 0-0: Called Strike
0-1: Ball
1-1: Ball
2-1: Ball
3-1: Fly out, F1 (Line Drive, 13)
Bottom of the 1st over - 1 run(s), 2 hit(s), 0 error(s), 2 left on base; Vancouver 0 - Athletic Club KC 1
TOP OF THE 2ND
Vancouver Grey Wolves batting - Pitching for Athletic Club KC : LHP Bill Oulton
Batting: LHB Héctor Cortéz 0-0: Called Strike
0-1: Ball
1-1: Fly out, F2 (Popup, 3S)
Batting: SHB Gregg Wagner 0-0: Ball
1-0: Swinging Strike
1-1: Foul Ball, location: 2F
1-2: Ball
2-2: Fly out, F8 (Line Drive, 8LM)
Batting: LHB José Alonso 0-0: Foul Ball, location: 2F
0-1: Ball
1-1: Foul Ball, location: 2F
1-2: Ball
2-2: DOUBLE (Line Drive, 9LS)
Batting: RHB Alfredo Méndez 0-0: Swinging Strike
0-1: Called Strike
0-2: Foul Ball, location: 2F
0-2: Foul Ball, location: 2F
0-2: Strikes out swinging
Top of the 2nd over - 0 run(s), 1 hit(s), 0 error(s), 1 left on base; Vancouver 0 - Athletic Club KC 1
BOTTOM OF THE 2ND
Athletic Club KC batting - Pitching for Vancouver Grey Wolves : RHP George Frazier
Batting: LHB Thatcher Douglas 0-0: Called Strike
0-1: Foul Ball, location: 2F
0-2: Ball
1-2: Fly out, F9 (Line Drive, 9S)
Batting: RHB Dao-zi Dai 0-0: Called Strike
0-1: Foul Ball, location: 2F
0-2: Ball
1-2: Ball
2-2: Ball
3-2: Foul Ball, location: 2F
3-2: Base on Balls
Batting: RHB Harry Fuller 0-0: Called Strike
0-1: Ball
1-1: Ball
2-1: Foul Ball, location: 2F
2-2: Foul Ball, location: 2F
2-2: Ball
3-2: Base on Balls
Dao-zi Dai to second
Batting: SHB David Henderson 0-0: Foul Ball, location: 2F
0-1: Fielders Choice at 2nd, 4-6 (Groundball, 4)
Dao-zi Dai to third
Batting: RHB David Edwards 0-0: Called Strike
0-1: Ball
1-1: Foul Ball, location: 2F
1-2: Strikes out swinging
Bottom of the 2nd over - 0 run(s), 0 hit(s), 0 error(s), 2 left on base; Vancouver 0 - Athletic Club KC 1
TOP OF THE 3RD
Vancouver Grey Wolves batting - Pitching for Athletic Club KC : LHP Bill Oulton
Batting: LHB Emílio Barbán 0-0: Ball
1-0: Ball
2-0: Ball
3-0: Called Strike
3-1: Swinging Strike
3-2: Base on Balls
Batting: RHB Danny Walsh 0-0: Ball
1-0: Ball
2-0: Called Strike
2-1: Ball
3-1: Base on Balls
Emílio Barbán to second
Batting: RHB Tony Farquharson 0-0: Ball
1-0: SINGLE (Groundball, 6MD)
Emílio Barbán to third
Danny Walsh to second
Runner from 3rd tries for Home, throw and OUT!
Batting: LHB Min-heui Im 0-0: Called Strike
0-1: Ball
1-1: Fielders Choice at 2nd, 1-6 (Groundball, P)
Danny Walsh to third
Batting: RHB José Carlos Ramos 0-0: Foul Ball, location: 2F
0-1: Ball
1-1: Called Strike
1-2: Ball
Passed Ball!
Danny Walsh scores
Min-heui Im to second
2-2: Ball
3-2: Strikes out swinging
Top of the 3rd over - 1 run(s), 1 hit(s), 0 error(s), 1 left on base; Vancouver 1 - Athletic Club KC 1
BOTTOM OF THE 3RD
Athletic Club KC batting - Pitching for Vancouver Grey Wolves : RHP George Frazier
Batting: RHB Ramón Souza 0-0: Ball
1-0: Ball
2-0: Called Strike
2-1: Foul Ball, location: 2F
2-2: Foul Ball, location: 2F
2-2: Foul Ball, location: 2F
2-2: Ball
3-2: Ground out 4-3 (Groundball, 4)
Batting: RHB John Downing 0-0: Ball
1-0: SOLO HOME RUN (Flyball, 7D), Distance : 375 ft
Batting: SHB Pedro Vázquez 0-0: Ball
1-0: Foul Ball, location: 2F
1-1: Fly out, F9 (Flyball, 9LDF)
Batting: RHB Jorge Trevino 0-0: Called Strike
0-1: Swinging Strike
0-2: Ground out 4-3 (Groundball, 4)
Bottom of the 3rd over - 1 run(s), 1 hit(s), 0 error(s), 0 left on base; Vancouver 1 - Athletic Club KC 2
TOP OF THE 4TH
Vancouver Grey Wolves batting - Pitching for Athletic Club KC : LHP Bill Oulton
Batting: LHB Héctor Cortéz 0-0: Ball
1-0: Ball
2-0: Ball
3-0: Called Strike
3-1: Base on Balls
Batting: SHB Gregg Wagner 0-0: Swinging Strike
0-1: Ball
1-1: Ground out 6-3 (Groundball, 6)
Héctor Cortéz to second
Batting: LHB José Alonso 0-0: Foul Ball, location: 2F
0-1: Ball
1-1: Ball
2-1: Ball
3-1: Base on Balls
Batting: RHB Alfredo Méndez 0-0: Called Strike
0-1: Ball
1-1: Called Strike
1-2: Strikes out swinging
Batting: LHB Emílio Barbán 0-0: Ball
1-0: Ball
2-0: Ground out 4-3 (Groundball, 34D)
Top of the 4th over - 0 run(s), 0 hit(s), 0 error(s), 2 left on base; Vancouver 1 - Athletic Club KC 2
BOTTOM OF THE 4TH
Athletic Club KC batting - Pitching for Vancouver Grey Wolves : RHP George Frazier
Batting: LHB Thatcher Douglas 0-0: Foul Ball, location: 2F
0-1: Ground out 4-3 (Groundball, 34)
Batting: RHB Dao-zi Dai 0-0: Ball
1-0: Called Strike
1-1: Called Strike
1-2: Strikes out swinging
Batting: RHB Harry Fuller 0-0: Ball
1-0: Ground out 5-3 (Groundball, 56S)
Bottom of the 4th over - 0 run(s), 0 hit(s), 0 error(s), 0 left on base; Vancouver 1 - Athletic Club KC 2
TOP OF THE 5TH
Vancouver Grey Wolves batting - Pitching for Athletic Club KC : LHP Bill Oulton
Batting: RHB Danny Walsh 0-0: Ball
1-0: Ball
2-0: Ball
3-0: Called Strike
3-1: Base on Balls
Batting: RHB Tony Farquharson 0-0: Called Strike
0-1: Foul Ball, location: 2F
0-2: Ball
1-2: Grounds into double play, 6-4-3 (Groundball, 6)
Batting: LHB Min-heui Im 0-0: Ball
1-0: Ball
2-0: Called Strike
2-1: Fly out, F7 (Flyball, 7LMF)
Top of the 5th over - 0 run(s), 0 hit(s), 0 error(s), 0 left on base; Vancouver 1 - Athletic Club KC 2
BOTTOM OF THE 5TH
Athletic Club KC batting - Pitching for Vancouver Grey Wolves : RHP George Frazier
Batting: SHB David Henderson 0-0: Called Strike
0-1: Swinging Strike
0-2: Ball
1-2: Ball
2-2: Strikes out swinging
Batting: RHB David Edwards 0-0: Called Strike
0-1: Foul Ball, location: 2F
0-2: Ball
1-2: Ball
2-2: Ball
3-2: Ground out 6-3 (Groundball, 6M)
Batting: RHB Ramón Souza 0-0: Called Strike
0-1: Ground out 6-3 (Groundball, 6)
Bottom of the 5th over - 0 run(s), 0 hit(s), 0 error(s), 0 left on base; Vancouver 1 - Athletic Club KC 2
TOP OF THE 6TH
Vancouver Grey Wolves batting - Pitching for Athletic Club KC : LHP Bill Oulton
Batting: RHB José Carlos Ramos 0-0: Ground out 6-3 (Groundball, 6)
Batting: LHB Héctor Cortéz 0-0: Fly out, F7 (Flyball, 7LD)
Batting: SHB Gregg Wagner 0-0: Ball
1-0: Ground out 6-3 (Groundball, 56)
Top of the 6th over - 0 run(s), 0 hit(s), 0 error(s), 0 left on base; Vancouver 1 - Athletic Club KC 2
BOTTOM OF THE 6TH
Athletic Club KC batting - Pitching for Vancouver Grey Wolves : RHP George Frazier
Batting: RHB John Downing 0-0: Called Strike
0-1: Ball
1-1: Foul Ball, location: 2F
1-2: Foul Ball, location: 2F
1-2: Ball
2-2: Ball
3-2: Base on Balls
Batting: SHB Pedro Vázquez 0-0: Called Strike
0-1: Foul Ball, location: 2F
0-2: Grounds into double play, 5-4-3 (Groundball, 56)
Batting: RHB Jorge Trevino 0-0: Ground out 6-3 (Groundball, 6)
Bottom of the 6th over - 0 run(s), 0 hit(s), 0 error(s), 0 left on base; Vancouver 1 - Athletic Club KC 2
TOP OF THE 7TH
Vancouver Grey Wolves batting - Pitching for Athletic Club KC : LHP Bill Oulton
Batting: LHB José Alonso 0-0: Swinging Strike
0-1: Ball
1-1: Swinging Strike
1-2: Foul Ball, location: 2F
1-2: Ball
2-2: Ball
3-2: Foul Ball, location: 2F
3-2: Foul Ball, location: 2F
3-2: Base on Balls
Batting: RHB Alfredo Méndez 0-0: Foul Ball, location: 2F
0-1: Ball
1-1: Foul Ball, location: 2F
1-2: Ball
2-2: Fly out, F8 (Flyball, 8RM)
Pinch Hitting: RHB Travis Newsome 0-0: Ball
1-0: Swinging Strike
1-1: Called Strike
1-2: Strikes out looking
Batting: RHB Danny Walsh 0-0: SINGLE (Flyball, 78S)
José Alonso to second
Pinch Runner at 2nd Sébastien Rolland:
Batting: RHB Tony Farquharson 0-0: Ball
1-0: Ball
2-0: Ball
3-0: Base on Balls
Sébastien Rolland to third
Danny Walsh to second
Pitching: RHP Ole Kos
Batting: LHB Min-heui Im 0-0: Foul Ball, location: 2F
0-1: Swinging Strike
0-2: Ball
1-2: Foul Ball, location: 2F
1-2: Ball
2-2: Ball
3-2: Ground out 4-3 (Groundball, 4)
Top of the 7th over - 0 run(s), 1 hit(s), 0 error(s), 3 left on base; Vancouver 1 - Athletic Club KC 2
BOTTOM OF THE 7TH
Athletic Club KC batting - Pitching for Vancouver Grey Wolves : RHP George Frazier
Now at 3B: Travis Newsome
Now in LF: Sébastien Rolland
Batting: LHB Thatcher Douglas 0-0: Called Strike
0-1: Foul Ball, location: 2F
0-2: Ball
1-2: Ball
2-2: Fly out, F8 (Line Drive, 8LM)
Batting: RHB Dao-zi Dai 0-0: Foul Ball, location: 2F
0-1: Ball
1-1: Fly out, F8 (Flyball, 78M)
Batting: RHB Harry Fuller 0-0: Called Strike
0-1: SINGLE (Groundball, 56S) (infield hit)
Pitching: LHP Kevin Woods
Batting: SHB David Henderson 0-0: Ball
1-0: Ground out 6-3 (Groundball, 6MD)
Bottom of the 7th over - 0 run(s), 1 hit(s), 0 error(s), 1 left on base; Vancouver 1 - Athletic Club KC 2
TOP OF THE 8TH
Vancouver Grey Wolves batting - Pitching for Athletic Club KC : RHP Ole Kos
Batting: RHB José Carlos Ramos 0-0: Ball
1-0: Foul Ball, location: 2F
1-1: Ground out 6-3 (Groundball, 6S)
Pitching: RHP Eric Lang
Batting: LHB Héctor Cortéz 0-0: Fly out, F8 (Flyball, 78XD)
Pitching: LHP António Uribe
Batting: SHB Gregg Wagner 0-0: Fly out, F7 (Flyball, 7)
Top of the 8th over - 0 run(s), 0 hit(s), 0 error(s), 0 left on base; Vancouver 1 - Athletic Club KC 2
BOTTOM OF THE 8TH
Athletic Club KC batting - Pitching for Vancouver Grey Wolves : LHP Kevin Woods
Batting: RHB David Edwards 0-0: Called Strike
0-1: Called Strike
0-2: Strikes out looking
Batting: RHB Ramón Souza 0-0: Ball
1-0: Called Strike
1-1: Swinging Strike
1-2: Strikes out swinging
Batting: RHB John Downing 0-0: Ball
1-0: Ball
2-0: Foul Ball, location: 2F
2-1: Foul Ball, location: 2F
2-2: Ball
3-2: Foul Ball, location: 2F
3-2: Foul Ball, location: 2F
3-2: Foul Ball, location: 2F
3-2: Foul Ball, location: 2F
3-2: Fly out, F8 (Flyball, 8LD)
Bottom of the 8th over - 0 run(s), 0 hit(s), 0 error(s), 0 left on base; Vancouver 1 - Athletic Club KC 2
TOP OF THE 9TH
Vancouver Grey Wolves batting - Pitching for Athletic Club KC : LHP António Uribe
Pitching: RHP Gene Kirkland
Pinch Hitting: LHB Timmy Appeldoorn 0-0: Called Strike
0-1: Ball
1-1: Swinging Strike
1-2: Ball
2-2: Ball
3-2: Foul Ball, location: 2F
3-2: Foul Ball, location: 2F
3-2: Fly out, F9 (Flyball, 9)
Batting: RHB Alfredo Méndez 0-0: Called Strike
0-1: Fly out, F4 (Line Drive, 4)
Pinch Hitting: LHB David Hubbard 0-0: Ball
1-0: Ball
2-0: Called Strike
2-1: Called Strike
2-2: Foul Ball, location: 2F
2-2: DOUBLE (Line Drive, 9LM)
Pinch Runner at 2nd Dusty Childress:
Batting: RHB Danny Walsh 0-0: Ball
1-0: Foul Ball, location: 2F
1-1: Ball
2-1: Swinging Strike
2-2: DOUBLE (Groundball, 5L)
Dusty Childress scores
Batting: RHB Tony Farquharson 0-0: Ball
1-0: Called Strike
1-1: Foul Ball, location: 2F
1-2: Foul Ball, location: 2F
1-2: Strikes out swinging
Top of the 9th over - 1 run(s), 2 hit(s), 0 error(s), 1 left on base; Vancouver 2 - Athletic Club KC 2
BOTTOM OF THE 9TH
Athletic Club KC batting - Pitching for Vancouver Grey Wolves : LHP Kevin Woods
Pitching: RHP David Hudson
Now at 3B: Timmy Appeldoorn
Now in LF: Dusty Childress
Batting: SHB Pedro Vázquez 0-0: Called Strike
0-1: Swinging Strike
0-2: Ball
1-2: Ball
2-2: Foul Ball, location: 2F
2-2: Strikes out looking
Batting: RHB Jorge Trevino 0-0: Ball
1-0: Ground out 5-3 (Groundball, 56)
Batting: LHB Thatcher Douglas 0-0: Called Strike
0-1: Ball
1-1: Swinging Strike
1-2: Ball
2-2: Ball
3-2: Base on Balls
Batting: RHB Dao-zi Dai 0-0: Called Strike
0-1: Ground out 3-1 (Groundball, 3D)
Bottom of the 9th over - 0 run(s), 0 hit(s), 0 error(s), 1 left on base; Vancouver 2 - Athletic Club KC 2
TOP OF THE 10TH
Vancouver Grey Wolves batting - Pitching for Athletic Club KC : RHP Gene Kirkland
Batting: LHB Min-heui Im 0-0: Called Strike
0-1: Ball
1-1: Foul Ball, location: 2F
1-2: Foul Ball, location: 2F
1-2: Foul Ball, location: 2F
1-2: SINGLE (Groundball, 34D)
Batting: RHB José Carlos Ramos 0-0: Called Strike
0-1: Ball
1-1: Called Strike
1-2: Ball
2-2: Ball
3-2: Reached on error, E5 (Groundball, 5L)
Min-heui Im to second
Batting: LHB Héctor Cortéz 0-0: Ball
1-0: Swinging Strike
1-1: Called Strike
1-2: Ball
2-2: Ball
3-2: Strikes out swinging
Batting: SHB Gregg Wagner 0-0: Foul Ball, location: 2F
0-1: Ball
1-1: Grounds into double play, 4-6-3 (Groundball, 4)
Top of the 10th over - 0 run(s), 1 hit(s), 1 error(s), 1 left on base; Vancouver 2 - Athletic Club KC 2
BOTTOM OF THE 10TH
Athletic Club KC batting - Pitching for Vancouver Grey Wolves : RHP David Hudson
Pinch Hitting: RHB Todd Blake 0-0: Foul Ball, location: 2F
0-1: Swinging Strike
0-2: Ball
1-2: Foul Ball, location: 2F
1-2: Foul Ball, location: 2F
1-2: Strikes out swinging
Batting: SHB David Henderson 0-0: Ball
1-0: Ground out 3-1 (Groundball, 34)
Batting: RHB David Edwards 0-0: Foul Ball, location: 2F
0-1: Foul Ball, location: 2F
0-2: Ball
1-2: Ball
2-2: Strikes out swinging
Bottom of the 10th over - 0 run(s), 0 hit(s), 0 error(s), 0 left on base; Vancouver 2 - Athletic Club KC 2
TOP OF THE 11TH
Vancouver Grey Wolves batting - Pitching for Athletic Club KC : RHP Gene Kirkland
Pitching: RHP Richard Allison
Now at SS: Michael Walker
Batting: LHB Timmy Appeldoorn 0-0: Swinging Strike
0-1: Ground out U3 (Groundball, 34S)
Batting: RHB Alfredo Méndez 0-0: Foul Ball, location: 2F
0-1: Ball
1-1: SINGLE (Line Drive, 6D)
Batting: RHB Dusty Childress 0-0: Foul Ball, location: 2F
0-1: Ball
1-1: Ball
2-1: Fly out, F7 (Line Drive, 7LM)
Batting: RHB Danny Walsh 0-0: Ball
1-0: Foul Ball, location: 2F
1-1: Called Strike
1-2: Ball
2-2: Ball
3-2: Foul Ball, location: 2F
3-2: Ground out 5-3 (Groundball, 5L)
Top of the 11th over - 0 run(s), 1 hit(s), 0 error(s), 1 left on base; Vancouver 2 - Athletic Club KC 2
BOTTOM OF THE 11TH
Athletic Club KC batting - Pitching for Vancouver Grey Wolves : RHP David Hudson
Pitching: RHP Burt Booth
Batting: RHB Ramón Souza 0-0: Ball
1-0: Ball
2-0: Ball
3-0: Called Strike
3-1: Base on Balls
Batting: RHB John Downing 0-0: Called Strike
0-1: Ball
1-1: Foul Ball, location: 2F
1-2: Ball
2-2: Foul Ball, location: 2F
2-2: Ball
3-2: Foul Ball, location: 2F
3-2: SINGLE (Groundball, 6MD)
Ramón Souza to second
Pinch Runner at 2nd Rick Atkinson:
Batting: SHB Pedro Vázquez 0-0: Ball
1-0: Ball
2-0: Ball
3-0: Base on Balls
Rick Atkinson to third
John Downing to second
Batting: RHB Jorge Trevino 0-0: Grounds into fielders choice 6-2 (Groundball, 6)
John Downing to third
Pedro Vázquez to second
Batting: LHB Thatcher Douglas 0-0: Ball
1-0: Ball
2-0: Called Strike
2-1: Called Strike
2-2: SINGLE (Groundball, 4MD)
John Downing scores
Friday, December 30th, 2016 - OOTP Baseball 17.12 Build 75